 Dungeon Crawl Stone Soup version 0.28-a0-1382-g92835e5c71 (webtiles) character file.

Game seed: 14259776355038931230

2724 rogsnak the Conjurer (level 9, -3/62 HPs)
             Began as a Demonspawn Air Elementalist on Jan 1, 2022.
             Was a Follower of Sif Muna.
             Shot with a bolt by an orc (7 damage)
             ... in a bailey.
             The game lasted 00:18:41 (9966 turns).

rogsnak the Conjurer (Demonspawn Air Elementalist)  Turns: 9966, Time: 00:18:41

Health: -3/62      AC:  7    Str:  9    XL:     9   Next: 40%
Magic:  9/18       EV: 13    Int: 20    God:    Sif Muna [*.....]
Gold:   444        SH:  4    Dex: 16    Spells: 13/21 levels left

rFire   . . .      SeeInvis .   k - +2 dagger (elec)
rCold   + . .      Faith    .   u - orb {mayhem}
rNeg    . . .      Spirit   .   a - +0 robe
rPois   +          Reflect  .   l - +2 helmet of Incorporation {rPois rC+ rCorr}
rElec   .          Harm     .   v - +0 cloak
rCorr   +          Rampage  .   (no gloves)
Will    .....                   q - +0 pair of boots
Stlth   +++.......              (no amulet)
HPRegen 0.20/turn               (no ring)
MPRegen 0.16/turn               (no ring)

@: mighty
A: hooves 1, thin skeletal structure 1, powered by pain 1, condensation shield
a: Renounce Religion, Channel Magic


You were in a bailey.
You worshipped Sif Muna.
Sif Muna was aware of your devotion.
You visited 1 branch of the dungeon, and saw 8 of its levels.
You also visited: Sewer and Bailey.

You collected 444 gold pieces.

Inventory:

Hand Weapons
 b - a +0 short sword
 k - a +2 dagger of electrocution (weapon)
 s - a +0 mace of venom
 C - a +5 war axe of freezing
Missiles
 f - 42 poisoned darts
 y - a throwing net
 D - 2 curare-tipped darts
Armour
 a - a +0 robe (worn)
 i - a +0 helmet
 l - the +2 helmet of Incorporation (worn) {rPois rC+ rCorr}
   (You took it off Robin on level 2 of the Dungeon)

   rC:        It protects you from cold.
   rPois:     It protects you from poison.
   rCorr:     It protects you from acid and corrosion.
 q - a +0 pair of boots (worn)
 t - the +1 leather armour of Poor Excuses {rPois}
   (You found it on level 3 of the Dungeon)

   rPois:     It protects you from poison.
 u - an orb of mayhem (worn)
 v - a +0 cloak (worn)
Magical Staves
 p - a staff of death
Wands
 o - a wand of paralysis (3)
Scrolls
 d - a scroll of enchant armour {unknown}
 e - a scroll of teleportation {unknown}
 h - a scroll of holy word {unknown}
 j - 7 scrolls of identify {unknown}
 m - 2 scrolls of enchant weapon {unknown}
 r - 2 scrolls of immolation {unknown}
 x - a scroll of fear {unknown}
 z - a scroll of brand weapon {unknown}
 E - a scroll of magic mapping {unknown}
Potions
 c - 2 potions of resistance {unknown}
 g - a potion of heal wounds {unknown}
 n - 2 potions of mutation {unknown}
 w - 3 potions of degeneration {unknown}
 A - 3 potions of might {unknown}
 B - 4 potions of haste {unknown}


   Skills:
 + Level 2.6 Fighting
 + Level 3.2 Dodging
 - Level 1.7 Stealth
 + Level 1.0 Shields
 + Level 6.5 Spellcasting
 * Level 7.8 Conjurations
 + Level 6.3 Air Magic


You had 13 spell levels left.
You knew the following spells:

 Your Spells              Type           Power      Damage    Failure   Level
a - Shock                 Conj/Air       100%       1d9       1%          1
b - Swiftness             Air            32%        N/A       2%          3
c - Airstrike             Air            16%        N/A       7%          4

Your spell library contained the following spells:

 Spells                   Type           Power      Damage    Failure   Level
 Static Discharge         Conj/Air       34%        N/A       1%          2
 Passwall                 Tmut/Erth      5%         N/A       16%         2
 Gell's Gravitas          Tloc           6%         N/A       30%         3
 Teleport Other           Tloc           6%         N/A       30%         3
 Silence                  Hex/Air        9%         N/A       58%         5
 Passage of Golubria      Tloc           6%         N/A       69%         4
 Dispersal                Tloc           3%         N/A       100%        6
 Lehudib's Crystal Spear  Conj/Erth      11%        10d4      100%        8


Dungeon Overview and Level Annotations

Branches:
Dungeon (8/15)             Temple (0/1) D:6           Sewer (visited)
 Bailey (1/1)
   Lair: D:8-11

Altars:
Ashenzari
Dithmenos
Gozag
Kikubaaqudgha
Ru
Sif Muna
Yredelemnul
The Shining One

Shops:
D:5 =

Annotations:
D:3 Sigmund
D:4 1 runed translucent door, DrKleor's ghost, amateur DsFi


Innate Abilities, Weirdness & Mutations

You have large cloven feet.
You have a somewhat thin skeletal structure. (Dex +2, Stealth+)
You sometimes gain a little power by taking damage.
A meltable shield of frost defends you. (SH +4)


Message History

Aim: an orc warrior, wielding a +0 arbalest, wearing a +0 scale mail and quivering bolts (empty space bonus: 8/8)
The air twists around and strikes the orc warrior!
The orc warrior is heavily wounded.
Unknown command.
Casting: Airstrike (dangerous; 7% risk of failure)
Confirm with . or Enter, or press ? or * to list all spells.
You don't know that spell.
Casting: Airstrike (dangerous; 7% risk of failure)
Confirm with . or Enter, or press ? or * to list all spells.
Aiming: Airstrike (dangerous; 7% risk of failure)
Press: ? - help, Dir - move target, f/p - orc warrior
Aim: an orc warrior, wielding a +0 arbalest, wearing a +0 scale mail and quivering bolts (heavily wounded, empty space bonus: 8/8)
You miscast Airstrike.
You are very lightly contaminated with residual magic.
Nothing appears to happen.
Unknown command.
The orc warrior shoots a bolt.
The bolt hits you!
You focus on the pain.
You feel very mighty all of a sudden.
The orc warrior shoots a bolt.
The bolt hits you!
The orc warrior shoots a bolt.
The bolt hits you!!
* * * LOW HITPOINT WARNING * * *
You focus on the pain.
You feel mightier all of a sudden.
Your magical contamination has completely faded away.
An orc comes into view.
It is wielding a +0 arbalest. 2 orcs come into view.
The orc shoots a bolt.
You block the bolt.
You hear a shout! x2
The orc shoots a bolt.
You block the bolt.
The orc shoots a bolt.
You block the bolt.
An orc warrior comes into view. It is wielding a +0 arbalest.
An orc warrior comes into view. It is wielding a +0 arbalest.
The orc warrior shouts!
The orc warrior moves out of view.
The orc shouts!
The orc shoots a bolt.
The bolt closely misses you.
The orc warrior shoots a bolt.
The bolt hits you!
* * * LOW HITPOINT WARNING * * *
The orc shoots a bolt.
The bolt hits you!
You die...

#................# #.
#......≈≈.≈≈≈o...# ##..
#.....≈≈#.##≈....#######...
#.....≈##.∩#≈...o..........
....≈#...................
....≈##.##≈..............
....≈≈###≈≈..............
.....≈≈≈≈≈.....).........
.......@................
........................
........................
........................
########################


You could see an orc warrior and an orc.

Vanquished Creatures
  Eustachio (D:6)
  A sky beast (D:6)
  3 orc warriors (Bailey)
  3 ice beasts
  A black bear (D:7)
  A centaur (D:4)
  A phantom (D:6)
  A kobold brigand (D:7)
  4 bullfrogs
  A gnoll sergeant (D:7)
  3 scorpions (D:5)
  A water moccasin zombie (D:5)
  A water moccasin skeleton (D:6)
  4 wights
  An oklob sapling (D:6)
  A howler monkey (D:6)
  A jelly (D:6)
  A centaur skeleton (D:5)
  A centaur zombie (D:6)
  An orc priest (D:3)
  Crazy Yiuf (D:3)
  4 iguanas
  3 orc wizards
  A hound zombie (D:5)
  Robin (D:2)
  9 gnolls
  8 adders
  2 shadow imps
  A white imp (D:5)
  4 worms
  A dart slug (D:3)
  19 orcs
  13 ball pythons
  4 bats
  2 endoplasms
  13 giant cockroaches
  16 goblins
  5 hobgoblins
  9 jackals
  2 quokkas
  6 frilled lizards
  9 kobolds
  A quokka skeleton (D:4)
  5 rats
171 creatures vanquished.

Vanquished Creatures (collateral kills)
  A water moccasin skeleton (D:4)
  A centaur skeleton (D:4)
  An orc wizard (D:5)
  An orc (D:4)
  2 ball pythons (D:4)
  A goblin (D:8)
7 creatures vanquished.

Vanquished Creatures (others)
  18 plants (D:6)
18 creatures vanquished.

Grand Total: 196 creatures vanquished

Notes
Turn   | Place    | Note
-------+----------+-------------------------------------------
     0 | D:1      | rogsnak the Demonspawn Air Elementalist began the quest for
                  | the Orb.
     0 | D:1      | Reached XP level 1. HP: 13/13 MP: 3/3
   580 | D:1      | Gained mutation: A meltable shield of frost defends you.
                  | (SH +4) [demonic ancestry]
   580 | D:1      | Reached XP level 2. HP: 19/19 MP: 3/5
  1542 | D:2      | Reached XP level 3. HP: 24/24 MP: 0/6
  1958 | D:2      | Reached skill level 2 in Conjurations
  2321 | D:2      | Identified the +2 helmet of Incorporation {rPois rC+ rCorr}
  2321 | D:2      | Noticed Robin
  2332 | D:2      | Killed Robin
  2333 | D:2      | Gained mutation: You sometimes gain a little power by
                  | taking damage. [demonic ancestry]
  2333 | D:2      | Reached XP level 4. HP: 26/30 MP: 1/7
  2356 | D:1      | Learned a level 3 spell: Swiftness
  2578 | D:2      | Found a faded altar of an unknown god.
  2701 | D:3      | Found a glowing drain.
  2735 | Sewer    | Entered a sewer
  3131 | Sewer    | Reached skill level 3 in Conjurations
  3180 | Sewer    | Reached XP level 5. HP: 34/35 MP: 3/9
  3383 | Sewer    | Reached XP level 6. HP: 20/41 MP: 5/10
  3940 | D:3      | Reached skill level 4 in Conjurations
  3995 | D:3      | Found a sacrificial altar of Ru.
  4019 | D:3      | Identified the +1 leather armour of Poor Excuses {rPois}
  4164 | D:3      | Found a runed translucent door.
  4165 | D:3      | Noticed Crazy Yiuf
  4172 | D:3      | Learned a level 4 spell: Airstrike
  4180 | D:3      | Killed Crazy Yiuf
  4316 | D:3      | Noticed Sigmund
  4485 | D:3      | Found an ancient bone altar of Kikubaaqudgha.
  4488 | D:3      | Found a basalt altar of Yredelemnul.
  4491 | D:3      | Found an opulent altar of Gozag.
  5077 | D:4      | Gained mutation: You have large cloven feet. [demonic
                  | ancestry]
  5077 | D:4      | Reached XP level 7. HP: 46/47 MP: 3/12
  5294 | D:4      | Found a broken altar of Ashenzari.
  5310 | D:4      | Reached skill level 5 in Conjurations
  5585 | D:4      | Found a runed translucent door.
  5586 | D:4      | Noticed DrKleor's ghost (amateur DsFi)
  5770 | D:4      | Found the +6 lightning scales {swift, rElec}
  5926 | D:5      | Entered Level 5 of the Dungeon
  7020 | D:5      | Found Zorino's Jewellery Boutique.
  7050 | D:5      | Reached skill level 6 in Conjurations
  7050 | D:5      | Gained mutation: You have a somewhat thin skeletal
                  | structure. (Dex +2, Stealth+) [demonic ancestry]
  7050 | D:5      | Reached XP level 8. HP: 53/53 MP: 9/15
  7114 | D:5      | Reached skill level 1 in Fighting
  7388 | D:6      | Reached skill level 5 in Air Magic
  7444 | D:5      | Reached skill level 5 in Spellcasting
  7824 | D:6      | Noticed Eustachio
  7832 | D:6      | Killed Eustachio
  8109 | D:6      | Found a shimmering blue altar of Sif Muna.
  8112 | D:6      | Became a worshipper of Sif Muna the Loreminder
  8162 | D:6      | Found a staircase to the Ecumenical Temple.
  8275 | D:6      | Found a shadowy altar of Dithmenos.
  8292 | D:6      | Reached skill level 7 in Conjurations
  8292 | D:6      | Reached XP level 9. HP: 62/62 MP: 12/18
  9513 | D:8      | Found a flagged portal.
  9566 | Bailey   | Entered a bailey
  9768 | Bailey   | Reached skill level 1 in Shields
  9907 | Bailey   | Reached * piety under Sif Muna
  9966 | Bailey   | Shot with a bolt by an orc

Illustrated notes

Levels and vault maps discovered:
D:1:      lightli_arrival_quake, layout_loops_cross
D:2:      layout_basic, nicolae_ecumenical_oubliette, basic_altar,
          minmay_misc_feat_columns, uniq_robin
D:3:      layout_loops_ring, hangedman_ru_absence,
          grunt_temple_overflow_diamond, gup_sewer_entry_glass,
          uniq_crazy_yiuf_cottage, uniq_sigmund
D:4:      minmay_evil_eye, layout_loops_ring, evilmike_ruin_ashenzari,
          gammafunk_ghost_grave
D:5:      layout_gridville, serial_shops, nicolae_shop_statue_plus
D:6:      layout_loops_ring, lemuel_blue_sif_altar,
          nicolae_dithmenos_through_a_glass_darkly, minmay_temple_entry_oklob,
          uniq_eustachio
D:7:      layout_basic
D:8:      nicolae_cairo_tiling_large_dashed, layout_layer_cave, enter_bailey_5
Bailey:   bailey_polearm_2, bailey

Skill      XL: |  1  2  3  4  5  6  7  8  9 |
---------------+----------------------------+-----
Air Magic      | 3 4 5 6 |  6.3
Dodging        | 2 3 |  3.2
Conjurations   | 2 3 4 6 7 |  7.8
Spellcasting   | 3 4 6 |  6.5
Fighting       | 2 |  2.6
Shields        | 1 |  1.0
Stealth        | |  1.7

Action                   |  1- 3 |  4- 6 |  7- 9 || total
-------------------------+-------+-------+-------++-------
Melee: Short sword       |    23 |       |       ||    23
       Dagger            |       |    53 |    88 ||   141
       War axe           |       |       |     1 ||     1
 Cast: Shock             |    77 |   118 |   222 ||   417
       Airstrike         |       |       |    15 ||    15
 Stab: Sleeping          |       |     1 |       ||     1
Armor: Robe              |     4 |    20 |    37 ||    61
Dodge: Dodged            |    21 |    40 |    78 ||   139
Block: Other             |     4 |    11 |       ||    15
       Orb               |       |     1 |    24 ||    25

Table legend: (Time is in decaauts)
 A = Elapsed time spent in this place.
 B = Non-inter-level travel time spent in this place.
 C = Inter-level travel time spent in this place.
 D = Time resting spent in this place.
 E = Time spent auto-exploring this place.
 F = Levels seen in this place.
 G = Mean time per level.
                   A        B        C        D        E       F      G
               +--------+--------+--------+--------+--------+-----+--------+
         Total |  10015 |   9825 |    190 |   2042 |   5972 |  10 | 1001.5 |
       Dungeon |   8861 |   8671 |    190 |   1593 |   5705 |   8 | 1107.6 |
         Sewer |    753 |    753 |      0 |    280 |    255 |   1 |  753.0 |
        Bailey |    399 |    399 |      0 |    169 |     12 |   1 |  399.0 |
               +--------+--------+--------+--------+--------+-----+--------+

Top non-repeatable levels by time:
     D:1: 1624 daAuts
     D:5: 1593 daAuts
     D:3: 1282 daAuts
     D:4: 1251 daAuts
     D:6: 1105 daAuts
     D:2: 1062 daAuts
     D:7: 877 daAuts
   Sewer: 753 daAuts
  Bailey: 399 daAuts
     D:8: 63 daAuts
